 Dungeon Crawl Stone Soup version 0.22.1-5-g62c59d9 (webtiles) character file.

85 CanOfBees the Cudgeler (level 4, -8/44 HPs)
             Began as a Troll Monk on Jan 15, 2019.
             Mangled by an orc warrior
             ... wielding a cursed -3 battleaxe
              (15 damage)
             ... on level 2 of the Dungeon.
             The game lasted 00:04:33 (1934 turns).

CanOfBees the Cudgeler (Troll Monk)                 Turns: 1934, Time: 00:04:33

Health: -8/44      AC:  5    Str: 24    XL:     4   Next: 25%
Magic:  3/3        EV: 11    Int:  7    God:
Gold:   107        SH:  0    Dex: 12    Spells: 3/3 levels left

rFire    . . .     SeeInvis .     - Unarmed
rCold    . . .     Gourm    +   (no shield)
rNeg     . . .     Faith    .   p - +0 robe
rPois    .         Spirit   .   (helmet restricted)
rElec    .         Reflect  .   (no cloak)
rCorr    .         Harm     .   (gloves unavailable)
MR       .....                  (boots unavailable)
Stlth    ++........             j - amulet of magic regeneration
HPRegen  0.54/turn              (no ring)
MPRegen  0.33/turn              (no ring)

@: mighty
A: large, unfitting armour, claws 3, fast metabolism 3, gourmand, regeneration
1, shaggy fur 1, tough skin 2
a: no special abilities


You were on level 2 of the Dungeon.
You were very full.

You visited 1 branch of the dungeon, and saw 2 of its levels.

You collected 107 gold pieces.

Inventory:

Hand Weapons
 b - a +3 mace of protection
 u - a +0 flail of holy wrath
Missiles
 d - 8 stones (quivered)
 f - 2 javelins of returning
Armour
 p - a +0 robe (worn)
Jewellery
 j - an amulet of magic regeneration (around neck)
Scrolls
 a - a scroll of immolation {unknown}
 e - 3 scrolls of teleportation
 h - a scroll of identify {unknown}
 i - a scroll of enchant weapon
 k - a scroll of fog {unknown}
 q - a scroll of fear {unknown}
 r - a scroll of enchant armour {unknown}
 s - a scroll of remove curse {unknown}
 t - a scroll of magic mapping {unknown}
Potions
 g - a potion of resistance {unknown}
 n - a potion of curing {unknown}
 o - a potion of might
Comestibles
 c - 4 rations


   Skills:
 + Level 2.9 Fighting
 - Level 3.0 Maces & Flails
 + Level 1.4 Throwing
 + Level 2.9 Dodging
 - Level 1.0 Stealth
 + Level 1.5 Unarmed Combat


You had 3 spell levels left.
You didn't know any spells.
Your spell library was empty.

Dungeon Overview and Level Annotations

Branches:
Dungeon (2/15)

Altars:
Makhleb


Innate Abilities, Weirdness & Mutations

You are too large for most types of armour.
You have claws for hands.
Your metabolism is lightning-fast.
You like to eat raw meat.
Your natural rate of healing is unusually fast.
You are covered in fur. (AC +1)
You have very tough skin. (AC +2)


Message History

It was a potion of might.
You feel very mighty all of a sudden.
There is a stone staircase leading down here.
You climb downwards.
The orc warrior hits you with an enchanted battleaxe!
The orc priest invokes the aid of Beogh against you.
Pain shoots through your body!
There is a stone staircase leading up here.
Your +0 flail of holy wrath stops glowing.
You are now empty-clawed.
You barely miss the orc warrior.
The orc warrior hits you with an enchanted battleaxe!
You scratch the orc warrior but do no damage.
The orc warrior hits you with an enchanted battleaxe!
* * * LOW HITPOINT WARNING * * *
You closely miss the orc warrior. You claw the orc warrior!
The orc warrior is moderately wounded.
The orc warrior hits you with an enchanted battleaxe!
You die...

#.#.# .# #.#.#### .# .
#.#....# #####.# K.
#.#....# #.....#...
#.#....+ #.........
#.#....####...o#....
#.#.o.)(((o#...o>#
#.#.####...(....#
######.#@#.##.###(##.#
#......#o#.............
#.######.#.##.#.##.#.....
#.# #.....[.#......# ....
#รท###.##'##...).#### ..o
#.##......+.....+ .
#.##......#.....#
#..'......#.....#
####......#.....#


You could see an orc warrior and an orc priest.

Vanquished Creatures
  A hound (D:2)
  An adder (D:2)
  A dart slug (D:1)
  3 leopard geckos (D:2)
  3 orcs
  4 giant cockroaches
  5 hobgoblins
  3 jackals (D:1)
  5 kobolds
  7 bats
  A frilled lizard (D:1)
  A goblin (D:2)
35 creatures vanquished.

Notes
Turn   | Place    | Note
-------+----------+-------------------------------------------
     0 | D:1      | CanOfBees the Troll Monk began the quest for the Orb.
     0 | D:1      | Reached XP level 1. HP: 22/22 MP: 0/0
   156 | D:1      | Reached XP level 2. HP: 29/29 MP: 1/1
  1023 | D:2      | Reached skill level 1 in Unarmed Combat
  1044 | D:2      | Reached XP level 3. HP: 34/36 MP: 2/2
  1184 | D:2      | Noticed an orc warrior
  1269 | D:2      | Reached skill level 3 in Maces & Flails
  1269 | D:2      | Reached skill level 1 in Throwing
  1625 | D:2      | Found a burning altar of Makhleb.
  1631 | D:2      | Reached XP level 4. HP: 28/44 MP: 3/3
  1934 | D:2      | Mangled by an orc warrior

Skill      XL: |  1  2  3 |
---------------+----------+-----
Unarmed Combat | 1 |  1.5
Maces & Flails | 3 |  3.0
Throwing       | 1 |  1.4
Fighting       | |  2.9
Dodging        | |  2.9
Stealth        | |  1.0

Action                   |  1- 3 |  4- 6 || total
-------------------------+-------+-------++-------
Melee: Unarmed           |    86 |    15 ||   101
       Mace              |     9 |       ||     9
Throw: Stone             |    19 |     6 ||    25
  Use: Scroll            |       |     3 ||     3
       Potion            |       |     1 ||     1
 Stab: Sleeping          |     1 |       ||     1
  Eat: Chunk             |    20 |     2 ||    22
Armor: Robe              |    53 |       ||    53
Dodge: Dodged            |    65 |     5 ||    70
